 Dungeon Crawl Stone Soup version 0.19-a0-231-gae044c8 (webtiles) character file.

94 mistymad the Shield-Bearer (level 4, -4/29 HPs)
             Began as a Gargoyle Fighter on May 25, 2016.
             Killed from afar by an orc wizard (10 damage)
             ... with a puff of flame
             ... on level 3 of the Dungeon.
             The game lasted 00:05:14 (1470 turns).

mistymad the Shield-Bearer (Gargoyle Fighter)       Turns: 1470, Time: 00:05:18

Health: -4/29      AC: 10    Str: 19    XL:     4   Next: 63%
Magic:  4/4        EV:  7    Int:  9    God:
Gold:   120        SH:  9    Dex: 10    Spells: 0 memorised, 3 levels left

rFire  . . .     SeeInvis .     a - +0 flail
rCold  . . .     Gourm    .     b - +0 scale mail
rNeg   + . .     Faith    .     c - +0 shield
rPois  ∞         Spirit   .     (no helmet)
rElec  +         Dismiss  .     (no cloak)
rCorr  .         Reflect  .     (no gloves)
SustAt .         Harm     .     (no boots)
MR     .....                    (no amulet)
Stlth  ..........               (no ring)
                                (no ring)

@: not resistant to hostile enchantments, extremely unstealthy
A: negative energy resistance 1, electricity resistance, unbreathing,
petrification resistance, rot immunity, AC +3
a: no special abilities


You were on level 3 of the Dungeon.
You were not hungry.

You visited 1 branch of the dungeon, and saw 3 of its levels.

You collected 120 gold pieces.

Inventory:

Hand Weapons
 a - a +0 flail (weapon)
Armour
 b - a +0 scale mail (worn)
 c - a +0 shield (worn)
Jewellery
 q - an uncursed ring of ice {unknown}
Scrolls
 e - a scroll of immolation {unknown}
 i - 3 scrolls of teleportation {unknown}
 l - a scroll of recharging {unknown}
 n - 3 scrolls of enchant armour {unknown}
 p - a scroll of identify {unknown}
Potions
 d - 3 potions of might
 g - a potion of brilliance {unknown}
 k - 2 potions of degeneration {unknown}
 m - 2 potions of curing {unknown}
 o - 2 potions of agility {unknown}
Comestibles
 f - 2 bread rations
 h - a royal jelly
 j - a meat ration
 r - a beef jerky
 s - a chunk of flesh


   Skills:
 + Level 4.0 Fighting
 + Level 2.5 Maces & Flails
 + Level 3.9 Armour
 + Level 0.8 Dodging
 + Level 4.1 Shields


You had 3 spell levels left.
You didn't know any spells.

Dungeon Overview and Level Annotations

Branches:
Dungeon (3/15)

Altars:
Kikubaaqudgha
Makhleb
Qazlal


Innate Abilities, Weirdness & Mutations

You are resistant to torment.
Your stone body is resilient (AC +3).
You are immune to poison.
You resist negative energy. (rN+)
You are resistant to electric shocks. (rElec)
You can survive without breathing.
You are immune to petrification.
You are immune to rotting.


Message History

The orc wizard hits you but does no damage.
You barely miss the orc wizard.
The orc wizard is severely wounded.
The orc wizard hits you but does no damage.
You hit the orc wizard but do no damage.
The orc wizard is severely wounded.
You block the orc wizard's attack.
The orc wizard hits you but does no damage.
You closely miss the orc wizard.
The orc wizard is severely wounded.
You block the orc wizard's attack.
The orc wizard hits you but does no damage.
You barely miss the orc wizard.
The orc wizard is severely wounded.
The orc wizard points at you and mumbles some strange words.
The magic dart hits you!
* * * LOW HITPOINT WARNING * * *
The orc wizard points at you and mumbles some strange words.
The puff of flame hits you!
You die...

######## #....(.#
.. #.#.####†# #.
#.#.# #<# #. #.#.#
#)# #. #.#.# #..
#$####. #.#)# ###.
..... #.#@# .#
##.##..####.#o# #
.........o....#
o#.#.######.###
....####.########
.#.#..#...........
..........########
..###...### ##..#


You could see an orc wizard.

Vanquished Creatures
  4 adders
  An ooze (D:1)
  A worm (D:2)
  An orc (D:3)
  8 bats
  2 giant cockroaches (D:1)
  7 goblins
  5 hobgoblins
  6 jackals
  A quokka (D:2)
  A ball python (D:2)
  6 kobolds
  5 rats
48 creatures vanquished.

Vanquished Creatures (others)
  A human (D:2)
1 creature vanquished.

Grand Total: 49 creatures vanquished

Notes
Turn   | Place    | Note
--------------------------------------------------------------
     0 | D:1      | mistymad the Gargoyle Fighter began the quest for the Orb.
     0 | D:1      | Reached XP level 1. HP: 14/14 MP: 1/1
   120 | D:1      | Reached XP level 2. HP: 19/19 MP: 2/2
   323 | D:1      | Reached XP level 3. HP: 23/23 MP: 3/3
   515 | D:2      | Found a burning altar of Makhleb.
   678 | D:2      | Found an ancient bone altar of Kikubaaqudgha.
   684 | D:2      | Noticed a human
   685 | D:2      | Killed a human
   999 | D:2      | Reached XP level 4. HP: 29/29 MP: 4/4
  1145 | D:2      | Found a stormy altar of Qazlal.
  1145 | D:2      | Found an ancient bone altar of Kikubaaqudgha.
  1470 | D:3      | Killed from afar by an orc wizard

Vault maps used:
D:1:      lemuel_arrival_lava_pool
D:2:      gammafunk_temple_overflow_statue, overflow_temple_1_default,
          first_bread, minmay_misc_feat_tiny, tgw_kikubaaqudgha
D:3:      lemuel_crystal_altar, old_standard_altar, minmay_three_crescents

Skill      XL: |  1  2  3  4 |
---------------+-------------+-----
Shields        | 4 |  4.1
Fighting       | 4 |  4.0
Maces & Flails | |  2.5
Armour         | |  3.9
Dodging        | |  0.8

Action                   |  1- 3 |  4- 6 || total
-------------------------+-------+-------++-------
Melee: Flail             |   144 |    69 ||   213
  Eat: Chunk             |     1 |     1 ||     2
Armor: Scale mail        |   103 |    47 ||   150
Dodge: Dodged            |    45 |    22 ||    67
Block: Shield            |    99 |    44 ||   143
